 Dungeon Crawl Stone Soup version 0.28.0 (webtiles) character file.

Game seed: 14121176959857068628

121587 BorgnjorsVileCrotch the Fencer (level 16, -1/120 HPs)
             Began as a Mummy Cinder Acolyte on Feb 13, 2022.
             Was a Believer of Ignis.
             Slain by a tarantella (6 damage)
             ... summoned by a broodmother
             ... on level 1 of the Spider Nest.
             The game lasted 00:54:41 (41027 turns).

BorgnjorsVileCrotch the Fencer (MuCA)              Turns: 41027, Time: 00:54:41

Health: -1/120     AC: 25    Str: 18    XL:     16   Next: 32%
Magic:  25/25      EV:  8    Int: 20    God:    Ignis [**....]
Gold:   377        SH:  0    Dex: 10    Spells: 13/27 levels left

rFire   + . .      SeeInvis .   a - +7 Singing Sword {vorpal, sonic wave}
rCold   + + +      Faith    .   S - +0 kite shield
rNeg    + + +      Spirit   .   f - +6 chain mail of Giomoxt {+Blink rPois Int+4 Stlth-}
rPois   ∞          Reflect  +   l - +0 helmet
rElec   +          Harm     .   k - +0 cloak
rCorr   +          Rampage  .   (no gloves)
Will    ++...                   g - +1 pair of boots
Stlth   ..........              L - amulet of reflection
HPRegen 0.30/turn               U - +4 ring of protection
MPRegen 0.19/turn               x - ring "Yhieh" {rElec rF+ rC+++ rCorr Int-2}

@: confused
A: cold resistance 1, negative energy resistance 3, torment resistance 2, heat
vulnerability 1, in touch with death 1, no potions
a: Renounce Religion, Evoke Blink, Fiery Armour, Foxfire Swarm, Rising Flame


You were on level 1 of the Spider Nest.
You worshipped Ignis.
Ignis was pleased with you.
You visited 4 branches of the dungeon, and saw 25 of its levels.
You also visited: Sewer.

You collected 3052 gold pieces.
You spent 2675 gold pieces at shops.

Inventory:

Hand Weapons
 a - the +7 Singing Sword (weapon) {vorpal, sonic wave}
   (You found it on level 6 of the Dungeon)

   It inflicts extra damage upon your enemies.
   It radiates damaging sonic waves as it strikes, especially in combat
   involving dangerous or numerous foes.
 b - a +0 long sword of flaming
   (You found it on level 4 of the Dungeon)
Missiles
 e - 46 poisoned darts
 o - 5 curare-tipped darts (quivered)
 v - 3 throwing nets {!f}
Armour
 f - the +6 chain mail of Giomoxt (worn) {+Blink rPois Int+4 Stlth-}
   (You bought it in a shop on level 2 of the Orcish Mines)

   Int:       It affects your intelligence (+4).
   rPois:     It protects you from poison.
   +Blink:    It lets you blink.
   Stlth:     It makes you less stealthy.
 g - a +1 pair of boots (worn)
   (You found it on level 2 of the Dungeon)
 k - a +0 cloak (worn)
   (You found it on level 3 of the Dungeon)
 l - a +0 helmet (worn)
   (You took it off Robin on level 3 of the Dungeon)
 S - a +0 kite shield (worn)
   (You took it off a vault guard on level 12 of the Dungeon)
Jewellery
 x - the ring "Yhieh" (right hand) {rElec rF+ rC+++ rCorr Int-2}
   (You bought it in a shop on level 2 of the Orcish Mines)

   [ring of protection from fire]

   Int:       It affects your intelligence (-2).
   rF:        It protects you from fire.
   rC:        It renders you almost immune to cold.
   rElec:     It insulates you from electricity.
   rCorr:     It protects you from acid and corrosion.
 I - a ring of see invisible
   (You found it on level 9 of the Dungeon)
 L - an amulet of reflection (around neck)
   (You found it on level 3 of the Lair of Beasts)
 U - a +4 ring of protection (left hand)
   (You bought it in a shop on level 2 of the Orcish Mines)
Wands
 d - a wand of iceblast (16) {@v2}
   (You found it on level 1 of the Lair of Beasts)
 q - a wand of flame (24) {@v4}
   (You took it off Duvessa on level 4 of the Dungeon)
 s - a wand of polymorph (11)
   (You took it off Dowan on level 4 of the Dungeon)
 t - a wand of acid (1) {@v1}
   (You found it on level 1 of the Lair of Beasts)
 u - a wand of digging (6) {@v3}
   (You took it off Eustachio on level 5 of the Dungeon)
 E - a wand of mindburst (11)
   (You found it on level 1 of the Lair of Beasts)
 F - a wand of charming (11)
   (You found it on level 8 of the Dungeon)
Scrolls
 c - 18 scrolls of teleportation {@r3 !r}
 j - 2 scrolls of vulnerability
 n - 2 scrolls of fear {!r}
 p - a scroll of silence
 w - a scroll of blinking {@r4}
 y - 2 scrolls of magic mapping {@r5 !r}
 B - 3 scrolls of immolation
 D - 4 scrolls of fog {!r}
 H - 5 scrolls of amnesia
 K - a scroll of holy word
 M - a scroll of brand weapon
 N - 3 scrolls of identify {@r1}
 T - a scroll of enchant weapon
Miscellaneous
 Q - a phantom mirror
   (You found it on level 6 of the Lair of Beasts)
 R - a phial of floods
   (You found it on level 6 of the Lair of Beasts)


   Skills:
 + Level 9.0 Fighting
 - Level 16.0 Long Blades
 + Level 7.8 Armour
 + Level 7.8 Dodging
 - Level 4.0 Stealth
 + Level 8.9 Shields
 - Level 6.0 Spellcasting
 - Level 3.4 Conjurations
 - Level 3.0 Fire Magic
 - Level 8.0 Ice Magic
 + Level 6.5 Evocations


You had 13 spell levels left.
You knew the following spells:

 Your Spells              Type           Power      Damage    Failure   Level
a - Scorch                Fire           36%        2d7       71%         2
b - Frozen Ramparts       Ice            76%        1d9       26%         3
c - Ozocubu's Armour      Ice            38%        N/A       26%         3
d - Hailstorm             Conj/Ice       28%        3d8       93%         4
Y - Blink                 Tloc           12%        N/A       98%         2

Your spell library contained the following spells:

 Spells                   Type           Power      Damage    Failure   Level
 Freeze                   Ice            100%       1d11      9%          1
 Shock                    Conj/Air       48%        1d6       77%         1
 Static Discharge         Conj/Air       12%        N/A       88%         2
 Animate Skeleton         Necr           18%        N/A       94%         1
 Pain                     Necr           36%        1d5       94%         1
 Sting                    Tmut/Pois      24%        1d4       94%         1
 Call Canine Familiar     Summ           6%         N/A       100%        3
 Portal Projectile        Hex/Tloc       12%        N/A       100%        3
 Summon Guardian Golem    Hex/Summ       6%         N/A       100%        3
 Swiftness                Air            6%         N/A       100%        3
 Vampiric Draining        Necr           9%         2d6       100%        3
 Airstrike                Air            3%         N/A       100%        4
 Dispel Undead            Necr           9%         3d8       100%        4
 Flame Wave               Conj/Fire      18%        2d6       100%        4
 Fulminant Prism          Conj/Hex       6%         3d7       100%        4
 Iskenderun's Mystic Bla  Conj/Tloc      12%        2d5       100%        4
 Leda's Liquefaction      Hex/Erth       3%         N/A       100%        4
 Olgreb's Toxic Radiance  Pois           6%         N/A       100%        4
 Sticky Flame             Conj/Fire      18%        2d4       100%        4
 Excruciating Wounds      Necr           4%         N/A       100%        5
 Lee's Rapid Deconstruct  Erth           3%         3d6*      100%        5
 Lightning Bolt           Conj/Air       6%         1d18      100%        5
 Manifold Assault         Tloc           6%         N/A       100%        5
 Summon Cactus Giant      Summ           3%         N/A       100%        6
 Orb of Destruction       Conj           9%         9d6       100%        7
 Ozocubu's Refrigeration  Ice            19%        4d8       100%        7
 Spellforged Servitor     Conj/Summ      6%         N/A       100%        7
 Ignition                 Fire           9%         3d5       100%        8
 Maxwell's Capacitive Co  Air            3%         ∞         100%        8
 Blade Hands              Tmut           Unusable   N/A       N/A         5
 Storm Form               Tmut/Air       Unusable   N/A       N/A         7

Dungeon Overview and Level Annotations

Branches:
Dungeon (15/15)            Temple (0/1) D:5            Lair (6/6) D:11
  Swamp (0/4) Lair:4       Spider (2/4) Lair:3          Orc (2/2) D:10
    Elf (0/3) Orc:2        Vaults (0/5) D:13         Depths (0/4) D:15
  Sewer (visited)
  Slime: Lair:5-6

Altars:
Ashenzari
Cheibriados
Hepliaklqana
Makhleb
Okawaru
Qazlal
Sif Muna
Trog
Uskayaw
Zin
Jiyva

Shops:
D:2 =   D:5 ?   D:8 **   Orc:2 *((=[

Annotations:
D:3 1 runed translucent door, Crazy Yiuf
D:15 36 runed doors, Roxanne, Rupert
Lair:6 exclusion: 2 oklob plants


Innate Abilities, Weirdness & Mutations

You are immune to poison.
Your flesh is cold resistant. (rC+)
You are immune to negative energy. (rN+++)
You are immune to unholy pain and torment.
You are vulnerable to heat. (rF-)
You are in touch with the powers of death.
You do not drink.


Message History

You block the jumping spider's attack. The jumping spider closely misses you.
You barely miss the jumping spider.
The jumping spider is heavily wounded.
The jumping spider pounces on you but does no damage.
The jumping spider bites you but does no damage.
You hit the jumping spider.
The Singing Sword plays a couple of bars.
You send a blast of sound all around you.
The jumping spider is blasted.
You kill the jumping spider!
No target in view!
No target in view!
No target in view!
No target in view!
No target in view!
No target in view!
No target in view!
You start waiting.
A culicivora comes into view.
What are your orders? t - Shout!
Orders for allies: a - Attack new target. r - Retreat! s - Stop attacking. g - Guard the area. f - Follow me.
Anything else - Cancel.
You shout for attention!
The culicivora hisses angrily.
You hear an angry hiss.
A redback comes into view.
A broodmother comes into view.
You slash the redback!
The redback is heavily wounded.
The redback bites you but does no damage.
You barely miss the redback.
The redback is heavily wounded.
The redback bites you!
You hit the redback but do no damage.
The redback is heavily wounded.
You block the redback's attack.
You slice the redback!!
The Singing Sword repeatedly practises counterpoints.
You send a blast of sound all around you.
The broodmother and the culicivora are blasted.
The broodmother is lightly wounded.
The culicivora is heavily wounded.
You kill the redback!
The broodmother bites you!!
A spider bursts forth from the wound!
You are too injured to fight recklessly!
You are too injured to fight recklessly!
You are too injured to fight recklessly!
You are too injured to fight recklessly!
The broodmother is healed somewhat.
You block the broodmother's attack. You block the tarantella's attack.
The culicivora bites you but does no damage.
You climb upwards.
The tarantella disappears in a puff of smoke!
There is a stone staircase leading down here.
You slice the broodmother!!
The Singing Sword repeatedly practises counterpoints.
You send a blast of sound all around you.
The broodmother and the culicivora are blasted.
The broodmother is moderately wounded.
The culicivora is severely wounded.
The broodmother is moderately wounded.
You block the broodmother's attack. You block the culicivora's attack.
You completely miss the broodmother.
The broodmother is moderately wounded.
The broodmother bites you but does no damage.
You block the culicivora's attack.
You hit the broodmother.
The Singing Sword says, "You can tell me everything!
I can keep a secret!"
You send a blast of sound all around you.
The broodmother and the culicivora are blasted.
The broodmother is heavily wounded.
You kill the culicivora!
The broodmother is heavily wounded.
The broodmother bites you!!
A spider bursts forth from the wound!
Your Fighting skill increases to level 9!
You slash the broodmother!
The Singing Sword sings an ear-splitting high note.
You send a blast of sound all around you.
The broodmother and the tarantella are blasted.
The broodmother is severely wounded.
The tarantella is severely wounded.
The broodmother is severely wounded.
The broodmother bites you!! The tarantella touches you.
* * * LOW HITPOINT WARNING * * *
You are confused.
You bump into the rock wall.
The broodmother bites you!
* * * LOW HITPOINT WARNING * * *
The tarantella touches you but does no damage.
You barely miss the broodmother.
The broodmother is severely wounded.
The broodmother barely misses you.
The tarantella touches you but does no damage.
You bump into the rock wall.
The tarantella touches you.
* * * LOW HITPOINT WARNING * * *
The broodmother bites you but does no damage.
The tarantella touches you but does no damage.
The broodmother bites you!
* * * LOW HITPOINT WARNING * * *
The tarantella touches you.
You die...

...##.##...#.#.#.#..#..#..#..#...
..#.........#..#..#......#..#..#.
...#.##.##...#..#.^#.#..#.....#.#
...#....##...##....#.#....##.....
.#....#....#.....#.....#....#.#.#
≈##...##....#..#.........#..#....
##[....#.##....#..#.##^##....#.#.
.<#..#..#...#.#..##.#.#...#.###.#
...#.....#.##..s@.#.....##..#....
.#.#.##......#s>#.#..#.#.^..#.#.#
#...#..#..#..^..###....#..#..#...
..#......#.#.##.....##.#..##....#
#...##.#.#.#....#.##.#...........
.###....#^#.#....#..#...#.##.#.#.
........#.....#.#.#...#....#...#.
....#[#.#..#..#.#..[.#...#.#....#
##..####..#...#...##..#......#.#.


You could see a broodmother and a tarantella (summoned).

Vanquished Creatures
  Saint Roka (Orc:2)
  Jorgrun (Spider:1)
  Frances (D:13)
  Agnes (D:15)
  An entropy weaver (Spider:2)
  A spark wasp (Spider:2)
  Snorg (D:12)
  4 vault guards
  4 boulder beetles
  2 death knights
  6 centaur warriors
  13 hydras
  An anaconda (shapeshifter) (D:15)
  5 two-headed ogres
  11 death yaks
  An orc high priest (Orc:2)
  A pharaoh ant (Spider:1)
  2 skeletal warriors
  An orb spider (Spider:1)
  An orc knight (Orc:2)
  A phantasmal warrior (D:15)
  2 deep elf pyromancers (D:15)
  4 wolf spiders
  5 cyclopes
  4 orc sorcerers (Orc:2)
  A salamander (D:15)
  4 manticores
  6 black mambas
  4 ugly things (D:14)
  8 elephants
  A torpor snail (Lair:3)
  4 gargoyles
  31 cane toads
  4 demonic crawlers
  A komodo dragon (shapeshifter) (D:15)
  15 komodo dragons
  2 tengu conjurers (D:12)
  3 freezing wraiths
  8 trolls
  3 meliai (D:14)
  2 hornets
  2 polar bears (Lair:3)
  39 blink frogs
  11 tarantellas
  4 tyrant leeches (Lair:6)
  Grinder (D:3)
  2 dream sheep
  4 slime creatures (D:14)
  12 jumping spiders
  2 shadows
  3 water elementals (D:15)
  7 culicivoras (Spider:1)
  6 wyverns
  4 wraiths
  71 yaks
  13 basilisks
  15 vampire mosquitoes
  A vampire (D:7)
  Eustachio (D:5)
  21 redbacks
  Edmund (D:6)
  2 swamp worms (Lair:4)
  6 wargs
  An acid dragon (D:13)
  19 water moccasins
  Duvessa (D:4)
  A sky beast (D:5)
  4 black bears
  An ice beast (D:8)
  33 orc warriors
  2 necrophages
  11 ogres
  21 wolves
  A phantom (D:4)
  11 centaurs
  6 kobold brigands
  16 bullfrogs
  A gnoll sergeant (D:10)
  2 water moccasin zombies
  8 scorpions
  A water moccasin skeleton (D:6)
  Dowan (D:4)
  4 wights (D:7)
  3 electric eels
  4 howler monkeys
  5 centaur zombies
  2 lava snakes (D:9)
  3 hounds
  2 jellies (D:5)
  18 orc priests
  2 bullfrog skeletons (D:5)
  A centaur skeleton (D:4)
  3 gnoll shamans
  2 iguanas
  Natasha (thrice) (D:3)
  35 orc wizards
  11 hell rats
  Terence (D:2)
  A killer bee zombie (D:7)
  A hound zombie (D:5)
  Robin (D:3)
  14 adders
  24 gnolls
  5 shadow imps
  A white imp (D:8)
  An ufetubus (D:5)
  An adder skeleton (D:5)
  4 worms
  2 dart slugs
  88 orcs
  4 endoplasms
  6 giant cockroaches
  15 goblins
  9 hobgoblins
  28 kobolds
  3 quokkas
  13 ball pythons
  14 bats
  4 frilled lizards
  8 rats
887 creatures vanquished.

Vanquished Creatures (others)
  A bush (Lair:4)
  79 foxfires
  114 fungi
  161 plants
355 creatures vanquished.

Grand Total: 1242 creatures vanquished

Notes
Turn   | Place    | Note
-------+----------+-------------------------------------------
     0 | D:1      | BorgnjorsVileCrotch the Mummy Cinder Acolyte began the
                  | quest for the Orb.
     0 | D:1      | Reached XP level 1. HP: 18/18 MP: 2/2
   109 | D:1      | Found a viscous altar of Jiyva.
   109 | D:1      | Noticed a jelly
   109 | D:1      | Noticed a jelly
   109 | D:1      | Noticed a jelly
   109 | D:1      | Noticed a jelly
   110 | D:1      | Noticed a jelly
   111 | D:1      | Noticed a jelly
   118 | D:1      | Noticed a jelly
   232 | D:1      | Found a faded altar of an unknown god.
   427 | D:1      | Reached XP level 2. HP: 23/24 MP: 4/4
   430 | D:1      | Learned a level 2 spell: Scorch
   541 | D:1      | Reached skill level 3 in Long Blades
  1386 | D:2      | Reached XP level 3. HP: 29/29 MP: 2/5
  1900 | D:2      | Noticed Terence
  1924 | D:2      | Killed Terence
  1925 | D:2      | Reached skill level 4 in Long Blades
  1925 | D:2      | Reached XP level 4. HP: 14/35 MP: 1/6
  2458 | D:2      | Found Larif's Jewellery Emporium.
  2675 | D:3      | Noticed Natasha
  2681 | D:3      | Killed Natasha
  2682 | D:3      | Reached skill level 2 in Spellcasting
  2682 | D:3      | Reached XP level 5. HP: 41/41 MP: 0/8
  3125 | D:3      | Noticed Robin
  3158 | D:3      | Killed Robin
  3159 | D:3      | Reached skill level 3 in Spellcasting
  3276 | D:3      | Noticed Natasha
  3296 | D:3      | Killed Natasha
  3297 | D:3      | Reached skill level 5 in Long Blades
  3415 | D:3      | Noticed Natasha
  3431 | D:3      | Killed Natasha
  3432 | D:3      | Reached XP level 6. HP: 43/47 MP: 1/11
  3548 | D:3      | Found a runed translucent door.
  3549 | D:3      | Noticed Crazy Yiuf
  3596 | D:3      | Noticed Grinder
  3601 | D:3      | Paralysed by Grinder for 4 turns
  3605 | D:3      | Killed Grinder
  3606 | D:3      | Reached skill level 4 in Spellcasting
  4000 | D:4      | Reached skill level 6 in Long Blades
  4095 | D:4      | Reached XP level 7. HP: 42/52 MP: 4/13
  4292 | D:4      | Found a glowing drain.
  4303 | D:4      | Reached skill level 1 in Stealth
  4314 | Sewer    | Entered a sewer
  4619 | Sewer    | Reached skill level 3 in Fire Magic
  4625 | Sewer    | Reached skill level 2 in Stealth
  4848 | Sewer    | Reached skill level 3 in Stealth
  5079 | D:4      | Found a broken altar of Ashenzari.
  5343 | D:4      | Reached skill level 4 in Stealth
  5594 | D:4      | Noticed Duvessa
  5643 | D:4      | Killed Duvessa
  5644 | D:4      | Reached skill level 5 in Spellcasting
  5644 | D:4      | Reached XP level 8. HP: 23/58 MP: 2/16
  5863 | D:4      | Noticed Dowan
  5876 | D:4      | Killed Dowan
  5877 | D:4      | Found a shimmering blue altar of Sif Muna.
  5885 | D:4      | Got Sif Muna's Incunabulum of Aerial Moulding
  5890 | D:4      | Found a bloodstained altar of Trog.
  6072 | D:5      | Entered Level 5 of the Dungeon
  6087 | D:4      | Reached skill level 6 in Spellcasting
  6186 | D:5      | Reached skill level 1 in Ice Magic
  6317 | D:5      | Noticed Eustachio
  6335 | D:5      | Killed Eustachio
  6336 | D:5      | Reached skill level 2 in Ice Magic
  6430 | D:5      | Found a snail-covered altar of Cheibriados.
  6433 | D:5      | Found a burning altar of Makhleb.
  6479 | D:5      | Reached skill level 3 in Ice Magic
  6937 | D:5      | Found a staircase to the Ecumenical Temple.
  7117 | D:5      | Reached skill level 4 in Ice Magic
  7295 | D:5      | Reached skill level 5 in Ice Magic
  7404 | D:5      | Found Yboclir's Magic Scroll Shoppe.
  7415 | D:5      | Bought a scroll of magic mapping for 52 gold pieces
  7415 | D:5      | Bought a scroll of teleportation for 45 gold pieces
  7415 | D:5      | Bought a scroll of identify for 30 gold pieces
  7415 | D:5      | Bought a scroll of identify for 30 gold pieces
  7690 | D:5      | Reached XP level 9. HP: 57/63 MP: 8/18
  7901 | D:5      | Reached skill level 6 in Ice Magic
  8302 | D:6      | Learned a level 3 spell: Frozen Ramparts
  8307 | D:6      | Learned a level 4 spell: Hailstorm
  8431 | D:6      | Noticed Edmund
  8445 | D:6      | Killed Edmund
  8446 | D:6      | Reached skill level 1 in Conjurations
  8632 | D:6      | Reached skill level 2 in Conjurations
  9145 | D:6      | Reached skill level 3 in Conjurations
  9179 | D:6      | Reached skill level 7 in Ice Magic
  9233 | D:6      | Found the +7 Singing Sword {vorpal, sonic wave}
  9926 | D:7      | Reached XP level 10. HP: 70/70 MP: 19/19
 10469 | D:8      | Reached skill level 7 in Long Blades
 10469 | D:8      | Reached skill level 8 in Ice Magic
 10487 | D:8      | Noticed a manticore
 11121 | D:8      | Killed a manticore
 11241 | D:8      | Found a hazy altar of Hepliaklqana.
 11291 | D:8      | Found Gasijot's Overcharged Wands.
 11454 | D:8      | Found Itito's General Store.
 11463 | D:8      | Bought a scroll of identify for 28 gold pieces
 11564 | D:8      | Reached skill level 8 in Long Blades
 11938 | D:8      | Found a hide-covered altar of Uskayaw.
 11947 | D:8      | Found a stormy altar of Qazlal.
 12747 | D:9      | Reached skill level 9 in Long Blades
 12912 | D:9      | Noticed a two-headed ogre
 12923 | D:9      | Killed a two-headed ogre
 13147 | D:10     | Entered Level 10 of the Dungeon
 13220 | D:10     | Reached XP level 11. HP: 75/75 MP: 20/20
 13221 | D:10     | Reached skill level 10 in Long Blades
 13762 | D:10     | Identified the +8 chain mail "Ebruriji" {-Tele Dex+4}
 14100 | D:11     | Found a hide-covered altar of Uskayaw.
 14276 | D:10     | Found a staircase to the Orcish Mines.
 14745 | D:11     | Reached skill level 11 in Long Blades
 14919 | D:11     | Reached skill level 4 in Fighting
 15372 | D:11     | Found a staircase to the Lair.
 15390 | D:11     | Reached skill level 5 in Fighting
 15566 | D:11     | Noticed a six-headed hydra
 15585 | D:11     | Killed a one-headed hydra
 15855 | Lair:1   | Entered Level 1 of the Lair of Beasts
 15947 | Lair:1   | Reached skill level 6 in Fighting
 15993 | Lair:1   | HP: 4/83 [blink frog (11)]
 16369 | Lair:1   | Reached XP level 12. HP: 61/89 MP: 21/21
 16375 | Lair:1   | Reached skill level 12 in Long Blades
 16377 | Lair:1   | Reached skill level 7 in Fighting
 16438 | Lair:1   | Reached skill level 8 in Fighting
 17231 | Lair:2   | Reached skill level 13 in Long Blades
 17822 | Lair:2   | Reached skill level 1 in Armour
 17822 | Lair:2   | Reached skill level 1 in Dodging
 18184 | Lair:2   | Learned a level 3 spell: Ozocubu's Armour
 18283 | Lair:2   | Noticed an eight-headed hydra
 18288 | Lair:2   | Reached skill level 2 in Armour
 18288 | Lair:2   | Reached skill level 2 in Dodging
 18296 | Lair:2   | HP: 2/92 [six-headed hydra (10)]
 18302 | Lair:2   | Killed a six-headed hydra
 18391 | Lair:2   | Noticed a seven-headed hydra
 19134 | Lair:2   | Killed a one-headed hydra
 19558 | Lair:3   | Reached skill level 3 in Dodging
 19559 | Lair:3   | Reached skill level 3 in Armour
 19577 | Lair:3   | Gained mutation: You are in touch with the powers of death.
                  | [Mummy growth]
 19577 | Lair:3   | Reached XP level 13. HP: 85/98 MP: 22/22
 19870 | Lair:3   | Found a hole to the Spider Nest.
 20219 | Lair:3   | Reached skill level 4 in Dodging
 20230 | Lair:3   | Reached skill level 4 in Armour
 20522 | Lair:3   | Reached skill level 14 in Long Blades
 22691 | Lair:4   | Reached skill level 15 in Long Blades
 22808 | Lair:4   | Found a staircase to the Swamp.
 23517 | Lair:5   | Reached skill level 1 in Evocations
 23746 | Lair:5   | Reached skill level 2 in Evocations
 23746 | Lair:5   | Reached XP level 14. HP: 40/105 MP: 23/23
 24677 | Lair:6   | Entered Level 6 of the Lair of Beasts
 24777 | Lair:6   | Reached skill level 5 in Armour
 24911 | Lair:6   | Reached skill level 5 in Dodging
 24942 | Lair:5   | Reached skill level 3 in Evocations
 25914 | Lair:6   | Reached skill level 4 in Evocations
 26151 | Lair:6   | Reached skill level 6 in Dodging
 26153 | Lair:6   | Reached skill level 6 in Armour
 27206 | Lair:6   | Identified the +3 scimitar "Notar" {pain, rF+ rCorr MP+9
                  | Dex-3}
 27208 | Lair:6   | Identified the ring "Qaski" {MP+9 Stlth+}
 27555 | Lair:6   | Reached skill level 16 in Long Blades
 28069 | Orc:1    | Entered Level 1 of the Orcish Mines
 28074 | Orc:1    | Reached skill level 5 in Evocations
 28194 | Orc:2    | Entered Level 2 of the Orcish Mines
 28194 | Orc:2    | Found a staircase to the Elven Halls.
 28573 | Orc:2    | Reached XP level 15. HP: 98/110 MP: 24/24
 28587 | Orc:2    | Noticed Saint Roka
 29536 | D:12     | Noticed Snorg
 29546 | D:12     | Killed Snorg
 29547 | D:12     | Reached skill level 7 in Armour
 29547 | D:12     | Reached skill level 7 in Dodging
 30994 | D:13     | Noticed Frances
 31008 | D:13     | Killed Frances
 31015 | D:13     | Reached skill level 6 in Evocations
 31372 | D:12     | Reached skill level 1 in Shields
 31454 | D:13     | Found a gate to the Vaults.
 31554 | D:13     | Reached skill level 2 in Shields
 31678 | D:13     | Reached skill level 3 in Shields
 32240 | D:14     | Reached skill level 4 in Shields
 32830 | D:14     | Reached skill level 5 in Shields
 33328 | D:14     | Reached skill level 6 in Shields
 33942 | D:15     | Entered Level 15 of the Dungeon
 34185 | D:15     | Noticed Nessos
 34186 | D:15     | Noticed Nessos
 34186 | D:15     | Nessos changed into Nessos the dream sheep
 34190 | D:15     | Killed Nessos the dream sheep
 34316 | D:15     | Noticed Agnes
 34329 | D:15     | Killed Agnes
 34773 | D:15     | Noticed Roxanne
 34865 | D:15     | Reached skill level 7 in Shields
 35144 | D:15     | Found a huge runed gate.
 35144 | D:15     | Found a huge runed gate.
 35144 | D:15     | Found a huge runed gate.
 35144 | D:15     | Found a huge runed gate.
 35144 | D:15     | Found a huge runed gate.
 35145 | D:15     | Found a huge runed gate.
 35145 | D:15     | Found a huge runed gate.
 35146 | D:15     | Found a huge runed gate.
 35147 | D:15     | Found a huge runed gate.
 35148 | D:15     | Found a huge runed gate.
 35149 | D:15     | Found a huge runed gate.
 35150 | D:15     | Found a huge runed gate.
 35151 | D:15     | Found a huge runed gate.
 35152 | D:15     | Found a huge runed gate.
 35154 | D:15     | Found a huge runed gate.
 35318 | D:15     | Found a huge runed gate.
 35318 | D:15     | Found a huge runed gate.
 35319 | D:15     | Found a huge runed gate.
 35426 | D:15     | Found a huge runed gate.
 35426 | D:15     | Found a huge runed gate.
 35426 | D:15     | Found a huge runed gate.
 35426 | D:15     | Found a huge runed gate.
 35426 | D:15     | Found a huge runed gate.
 35426 | D:15     | Found a huge runed gate.
 35427 | D:15     | Found a huge runed gate.
 35428 | D:15     | Found a huge runed gate.
 35429 | D:15     | Found a huge runed gate.
 35437 | D:15     | Found a huge runed gate.
 35437 | D:15     | Found a huge runed gate.
 35437 | D:15     | Found a huge runed gate.
 35437 | D:15     | Found a huge runed gate.
 35437 | D:15     | Found a huge runed gate.
 35437 | D:15     | Found a huge runed gate.
 35438 | D:15     | Found a huge runed gate.
 35439 | D:15     | Found a huge runed gate.
 35440 | D:15     | Found a huge runed gate.
 35581 | D:15     | Noticed Rupert
 35590 | D:15     | Found a staircase to the Depths.
 36523 | Orc:2    | Killed Saint Roka
 36524 | Orc:2    | Reached skill level 8 in Shields
 37795 | Orc:2    | Reached XP level 16. HP: 110/118 MP: 22/25
 37925 | Orc:2    | Found an iron altar of Okawaru.
 38057 | Orc:2    | Found Xomn's Weapon Boutique.
 38057 | Orc:2    | Found Osen's Weapon Boutique.
 38058 | Orc:2    | Found Eqamuh's Armour Shop.
 38062 | Orc:2    | Found Bops's Jewellery Shop.
 38068 | Orc:2    | Bought the ring "Yhieh" {rElec rF+ rC+++ rCorr Int-2} for
                  | 904 gold pieces
 38068 | Orc:2    | Bought a +4 ring of protection for 432 gold pieces
 38087 | Orc:2    | Learned a level 2 spell: Blink
 38087 | Orc:2    | Bought the +6 chain mail of Giomoxt {+Blink rPois Int+4
                  | Stlth-} for 1014 gold pieces
 38228 | Orc:2    | Found Jaifaq's Assorted Antiques.
 38237 | Orc:2    | Bought a scroll of fog for 70 gold pieces
 38237 | Orc:2    | Bought a scroll of fog for 70 gold pieces
 38564 | Spider:1 | Entered Level 1 of the Spider Nest
 39104 | Spider:1 | Noticed Jorgrun
 39171 | Spider:1 | Killed Jorgrun
 41023 | Spider:1 | Reached skill level 9 in Fighting
 41026 | Spider:1 | HP: 4/120 [broodmother (17)]
 41027 | Spider:1 | Slain by a tarantella

Illustrated notes

Levels and vault maps discovered:
D:1:      erik_arrival_cave_to_civilisation [erik_arrival_cave_to_temple],
          layout_basic, ebering_ecumenical_altar_hall, kennysheep_boxes
D:2:      wander_river, layout_rooms, serial_shops, nicolae_square_shop,
          corexii_shack, minivault_14, uniq_terence
D:3:      layout_basic, uniq_grinder, uniq_crazy_yiuf_cottage, uniq_natasha,
          uniq_robin
D:4:      layout_basic, nzn_overflow_gifts_of_might_and_magic,
          lemuel_tele_altar, mainiacjoe_overflow_surrounded_room, serial_curves,
          eino_curves_01, eino_curves_01, eino_curves_03,
          cheibrodos_sewer_entry_drain
D:5:      minmay_razor_zed, layout_basic, nicolae_overflow_squiral,
          temple_statues, nicolae_stop_n_shop_1, kennysheep_generic_room_10,
          uniq_eustachio
D:6:      old_forge, layout_loops_ring, grunt_decor_resistance, uniq_edmund
D:7:      layout_loops_cross
D:8:      layout_gridville, mainiacjoe_overflow_swirl, amcnicky_altar_gilded,
          serial_shops, shop, nicolae_shop_overcharged_wands
D:9:      layout_basic, grunt_decor_junction
D:10:     layout_basic, hiddenorc1_lemuel, nooodl_orcs_dogs
D:11:     layout_big_octagon, david_lair_generic, nicolae_uskayaw_dance_studio
D:12:     layout_loops_ring, uniq_snorg
D:13:     layout_loops_ring, lightli_vaults_fourway_checkpoint,
          einodemon_crawler_minivault, uniq_frances
D:14:     layout_irregular_city, minmay_misc_feat_enclosed
D:15:     hangedman_depths_entry_try_elsewhere_first, layout_basic,
          grunt_decor_clamped, not_door_vault_due, uniq_roxanne, uniq_nessos,
          uniq_rupert, uniq_agnes
Lair:1:   layout_misc_corridors, lightli_volcano_entry_magma_tube, st_stairs_7,
          infiniplex_staircase_pool_2
Lair:2:   layout_regular_city, nzn_random_ring
Lair:3:   layout_regular_city, spider_nest_entry_a, grunt_megastairs_3
Lair:4:   layout_loops_ring, palyth_hydra_swamp_entry, serial_rivers,
          chequers_serial_rivers_room_b, chequers_serial_rivers_small_3,
          chequers_serial_rivers_micro_e, chequers_serial_rivers_large_b,
          chequers_serial_rivers_marsh, chequers_serial_rivers_micro_e,
          kennysheep_basilisk_garden
Lair:5:   layout_hall_layers
Lair:6:   minmay_lair_end_frog_pond, layout_cave_pods,
          minmay_slime_entry_oklob_enclosed
Spider:1: layout_spider_delve, nicolae_spider_webs_and_nodes, uniq_jorgrun
Spider:2: nicolae_spider_hilbert_zone_7 [nicolae_spider_hilbert_4_sides_1_open,
          nicolae_spider_hilbert_4_sides_1_open,
          nicolae_spider_hilbert_4_sides_1_open,
          nicolae_spider_hilbert_4_sides_1_open,
          nicolae_spider_hilbert_3_sides_1_open,
          nicolae_spider_hilbert_3_sides_1_open,
          nicolae_spider_hilbert_3_sides_1_open,
          nicolae_spider_hilbert_3_sides_1_open,
          nicolae_spider_hilbert_4_sides_1_open,
          nicolae_spider_hilbert_4_sides_1_open,
          nicolae_spider_hilbert_4_sides_1_open,
          nicolae_spider_hilbert_2_sides_1_open,
          nicolae_spider_hilbert_2_sides_1_open,
          nicolae_spider_hilbert_2_sides_1_open,
          nicolae_spider_hilbert_2_sides_1_open,
          nicolae_spider_hilbert_2_sides_1_open,
          nicolae_spider_hilbert_2_sides_1_open], drop_trap
Orc:1:    minmay_goldmine, layout_diamond_mine
Orc:2:    st_orc_mages, layout_caves, serial_shops, nicolae_shop_crystal,
          okawaru_metal_pillars_1_2, uniq_saint_roka

Skill      XL: |  1  2  3  4  5  6  7  8  9 10 11 12 13 14 15 16 |
---------------+-------------------------------------------------+-----
Long Blades    | 3 4 5 6 9 11 13 15 16 | 16.0
Spellcasting   | 2 3 4 5 6 |  6.0
Stealth        | 4 |  4.0
Fire Magic     | 3 |  3.0
Ice Magic      | 5 7 8 |  8.0
Conjurations   | 3 |  3.4
Fighting       | 6 8 9 |  9.0
Armour         | 3 4 6 7 |  7.8
Dodging        | 3 4 6 7 |  7.8
Evocations     | 2 5 6 |  6.5
Shields        | 8 |  8.9

Action                   |  1- 3 |  4- 6 |  7- 9 | 10-12 | 13-15 | 16-18 || total
-------------------------+-------+-------+-------+-------+-------+-------++-------
Melee: Falchion          |    79 |   143 |   118 |       |       |       ||   340
       Punch             |     2 |     2 |     3 |     6 |    11 |       ||    24
       Long sword        |       |       |   219 |    22 |    55 |       ||   296
       Double sword      |       |       |    24 |   313 |   892 |   193 ||  1422
Throw: Dart              |       |       |       |       |     2 |       ||     2
 Cast: Scorch            |    13 |    35 |    97 |    25 |     8 |       ||   178
       Frozen Ramparts   |       |       |    16 |    39 |    67 |     3 ||   125
       Hailstorm         |       |       |     5 |       |       |       ||     5
       Ozocubu's Armour  |       |       |       |     4 |    21 |     2 ||    27
Invok: Foxfire Swarm     |       |       |     1 |     1 |     2 |       ||     4
       Fiery Armour      |       |       |     1 |       |       |       ||     1
Evoke: Wand              |       |       |       |       |    20 |       ||    20
       Phantom mirror    |       |       |       |       |     2 |     1 ||     3
       Phial of floods   |       |       |       |       |     2 |       ||     2
  Use: Scroll            |     1 |     1 |     6 |     5 |    11 |     1 ||    25
 Stab: Distracted        |       |       |     2 |       |       |       ||     2
       Held in net/web   |       |       |     1 |       |       |       ||     1
       Sleeping          |       |       |     1 |       |       |       ||     1
Armor: Robe              |    14 |       |       |       |       |       ||    14
       Scale mail        |       |    22 |       |   169 |   160 |       ||   351
       Leather armour    |       |    41 |   217 |       |       |       ||   258
       Chain mail        |       |       |       |       |   155 |   100 ||   255
Dodge: Dodged            |    56 |    82 |   260 |   146 |   336 |    42 ||   922
Block: Other             |       |       |       |       |    99 |       ||    99
       Reflection        |       |       |       |       |    18 |       ||    18
       Kite shield       |       |       |       |       |   162 |   129 ||   291
